 Dungeon Crawl Stone Soup version 0.31-a0-845-g9abc20d24f (webtiles) character file.

Game seed: 18074528341234578501

72722 strifetoe the Basher (level 15, -10/128 HPs)
             Began as a Ghoul Gladiator on May 11, 2023.
             Was the Champion of Ru.
             Killed from afar by Azrael (55 damage)
             ... with a bolt of fire
             ... on level 1 of the Spider Nest on Oct 1, 2023.
             The game lasted 00:54:28 (23622 turns).

strifetoe the Basher (Ghoul Gladiator)             Turns: 23622, Time: 00:54:29

Health: -10/128    AC: 21    Str: 32    XL:     15   Next: 41%
Magic:  14/14      EV: 12    Int:  3    God:    Ru [******]
Gold:   2603       SH: 12    Dex: 10    Spells: 14/14 levels left

rFire   . . .        F - +0 morningstar
rCold   + + .        g - +2 buckler
rNeg    + + +        s - +7 Kryia's mail coat {PotionHeal*2 rC+}
rPois   ∞            b - +1 helmet
rElec   .            o - +0 cloak
rCorr   .            w - +0 pair of gloves
SInv    .            e - +1 pair of boots
Will    ++...        f - amulet of reflection Stlth
                     n - +6 ring of strength
HPRegen 0.00/turn    u - ring of willpower
MPRegen 0.14/turn

%: reflection
@: inhibited regen
A: claws 1, cold resistance 1, negative energy resistance 3, inhibited
regeneration, torment resistance 2, no stealth, inability to use devices, hated
by all, no air magic, no conjurations magic, no hexes magic, unskilled 1, devour
on kill
a: Renounce Religion, Draw Out Power, Power Leap, Apocalypse


You were on level 1 of the Spider Nest.
You worshipped Ru.
Ru was exalted by your worship.
You visited 3 branches of the dungeon, and saw 21 of its levels.
You also visited: Ossuary and Ice Cave.

You collected 2654 gold pieces.
You spent 51 gold pieces at shops.

Inventory:

Hand Weapons
 x - the +8 long sword of Hacking and Slashing {protect, Int+2}
   (You found it on level 8 of the Dungeon)

   Int+2:     It affects your intelligence (+2).
 F - a +0 morningstar (weapon)
Missiles
 c - 5 throwing nets (quivered)
 d - 6 javelins
Armour
 b - a +1 helmet (worn)
 e - a +1 pair of boots (worn)
 g - a +2 buckler (worn)
 o - a +0 cloak (worn)
 s - the +7 Kryia's mail coat (worn) {PotionHeal*2 rC+}
   (You found it on level 2 of the Dungeon)

   PotionHeal*2: Potions heal its wearer twice as much.
   rC+:       It protects you from cold.
 w - a +0 pair of gloves (worn)
 P - +0 ice dragon scales
Jewellery
 f - an amulet of reflection (around neck)
 n - a +6 ring of strength (left hand)
 t - a +6 ring of dexterity
 u - a ring of willpower (right hand)
 v - an amulet of guardian spirit
 D - a ring of ice
 Q - a +6 ring of intelligence
 R - a ring of ice
 S - a +6 ring of strength
Wands
 r - a wand of iceblast (22)
 y - a wand of quicksilver (9)
 B - a wand of digging (7)
 K - a wand of flame (25)
 N - a wand of polymorph (4)
Scrolls
 a - a scroll of silence
 h - 14 scrolls of identify
 j - 5 scrolls of teleportation
 k - 3 scrolls of revelation
 m - a scroll of enchant armour
 C - a scroll of vulnerability
 E - 4 scrolls of fog
 J - 2 scrolls of enchant weapon
 M - 2 scrolls of blinking
Potions
 i - 2 potions of might
 l - 2 potions of haste
 p - 6 potions of curing
 q - a potion of heal wounds
 z - 6 potions of enlightenment
 A - 3 potions of brilliance
 I - 3 potions of invisibility
 L - a potion of resistance
 O - a potion of cancellation


   Skills:
 - Level 10.4 Fighting
 + Level 13.9 Maces & Flails
 - Level 1.5 Throwing
 - Level 6.3 Armour
 - Level 7.0 Dodging
 - Level 6.8 Shields
 - Level 11.3 Unarmed Combat


You had 14 spell levels left.
You didn't know any spells.
Your spell library contained the following spells:

 Spells                   Type           Power      Damage    Failure   Level
 Blink                    Tloc           0%         N/A       89%         2
 Frozen Ramparts          Ice            0%         1d1       98%         3
 Gell's Gravitas          Tloc           0%         N/A       98%         3
 Teleport Other           Tloc           0%         N/A       98%         3
 Vampiric Draining        Necr           0%         2d6       98%         3
 Manifold Assault         Tloc           0%         N/A       100%        4
 Petrify                  Tmut/Erth      0%         N/A       100%        4
 Lee's Rapid Deconstruct  Erth           0%         3d4*      100%        5
 Dispersal                Tloc           0%         N/A       100%        6
 Slow                     Hex            Unusable   N/A       N/A         1
 Call Canine Familiar     Summ           Unusable   N/A       N/A         3
 Confusing Touch          Hex            Unusable   N/A       N/A         3
 Portal Projectile        Hex/Tloc       Unusable   N/A       N/A         3
 Sigil of Binding         Hex            Unusable   N/A       N/A         3
 Stone Arrow              Conj/Erth      Unusable   3d7       N/A         3
 Animate Armour           Summ/Erth      Unusable   N/A       N/A         4
 Cause Fear               Hex            Unusable   N/A       N/A         4
 Fulminant Prism          Conj/Hex       Unusable   3d5       N/A         4
 Leda's Liquefaction      Hex/Erth       Unusable   N/A       N/A         4
 Summon Lightning Spire   Summ/Air       Unusable   N/A       N/A         4
 Fireball                 Conj/Fire      Unusable   3d3       N/A         5
 Metabolic Englaciation   Hex/Ice        Unusable   N/A       N/A         5
 Discord                  Hex            Unusable   N/A       N/A         8
 Lehudib's Crystal Spear  Conj/Erth      Unusable   10d2      N/A         8
 Dragon's Call            Summ           Unusable   N/A       N/A         9

Dungeon Overview and Level Annotations

Branches:
Dungeon (15/15)            Temple (0/1) D:7            Lair (5/5) D:8
 Shoals (0/4) Lair:3       Spider (1/4) Lair:2        Slime (0/5) Lair:5
    Orc (0/2) D:12         Vaults (0/5) D:14        Ossuary (visited)
  IceCv (visited)
 Depths: D:15

Altars:
Ashenzari
Cheibriados
Dithmenos
Gozag
Kikubaaqudgha
Makhleb
Okawaru
Qazlal
Ru
Sif Muna
Vehumet
Wu Jian
Xom

Shops:
D:1 *[?   D:5 *

Annotations:
D:8 2 transporters, GreenGuy14's ghost, novice MiFi
D:9 4 transporters
D:10 3 runed translucent doors, Kurtz's ghost, journeyman OpFi
Spider:1 Azrael


Innate Abilities, Weirdness & Mutations

You are immune to poison.
You have sharp fingernails.
Your flesh is cold resistant. (rC+)
You are immune to negative energy. (rN+++)
You do not regenerate when monsters are visible.
You are immune to unholy pain and torment.
You cannot be stealthy.
You cannot study or use magical devices.
You are hated by all.
You cannot study or cast Air magic.
You cannot study or cast Conjurations magic.
You cannot study or cast Hexes magic.
You are somewhat unskilled. (-1 Apt)
You thrive by killing the living.


Message History

The fire elemental hits Azrael.
You sock the fire elemental!
You destroy the fire elemental!
Azrael gestures at you.
The sphere of damnation explodes!
The damnation engulfs you!!
The damnation engulfs Azrael.
Azrael completely resists.
You hear a bark! x2; You hear a skittering sound. x2
You hear a faint skittering sound. x2
You hit Azrael but do no damage.
Azrael laughs insanely.
Azrael hits you but does no damage.
You puncture Azrael!
Azrael is lightly wounded.
Azrael blows smoke rings.
Azrael gestures at you.
The sphere of damnation explodes!
The damnation engulfs you!!!
The damnation engulfs Azrael.
Azrael completely resists.
You focus your inner power and paralyse Azrael in retribution!
You hear a faint skittering sound.
The helpless Azrael fails to defend himself.
You puncture Azrael!
Azrael is moderately wounded.
The helpless Azrael fails to defend himself.
You hit Azrael.
Azrael is moderately wounded.
The helpless Azrael fails to defend himself.
You flatten Azrael like a pancake!!!
Azrael is severely wounded.
A hell hound comes into view.
The helpless Azrael fails to defend himself.
You impale Azrael!!
Azrael is almost dead.
The helpless Azrael fails to defend himself.
You hit Azrael but do no damage.
Azrael is almost dead.
Azrael is no longer paralysed.
The hell hound begins to attack, but is stunned by your conviction!
Azrael gestures at you. The bolt of fire hits you!!!
You die...

###### ###.##.##
#.......# #.......##
##.......#############
#####........@R....h#
##.^#...###########....#
##......## #○☼ #...^...#
#...#...# ##..#####
##...##..# ##...##...#
#^...#...#


You could see Azrael and a hell hound.

Vanquished Creatures
  The ghost of Peiku the Fencer, a journeyman MiBe of Trog (Lair:5)
  Josephine (D:11)
  2 ironbound frosthearts (IceCv)
  6 hydras
  A hydra (shapeshifter) (D:11)
  2 centaur warriors (D:13)
  A death knight (D:13)
  A boulder beetle (D:12)
  A catoblepas (Lair:1)
  A two-headed ogre (D:10)
  6 death yaks
  A skyshark (Lair:5)
  A pharaoh ant (Spider:1)
  3 deep elf pyromancers
  An ugly thing (D:14)
  2 wolf spiders (Lair:3)
  5 cyclopes
  Maurice (D:11)
  2 slime creatures (D:12)
  2 manticores
  6 elephants
  An ice statue (IceCv)
  9 black mambas
  6 torpor snails
  12 rime drakes
  2 gargoyles
  11 cane toads
  An efreet (D:13)
  8 komodo dragons
  2 freezing wraiths (D:13)
  14 polar bears
  3 trolls
  14 blink frogs
  Prince Ribbit (D:7)
  8 hornets
  6 dream sheep (Lair:3)
  A centaur simulacrum (D:14)
  A culicivora (Spider:1)
  13 spriggans (Lair:5)
  2 vampires
  33 yaks
  9 wraiths
  2 fire elementals (Spider:1)
  4 basilisks
  A steam dragon (D:10)
  5 wyverns
  3 hogs (D:12)
  9 vampire mosquitoes (D:13)
  A redback (Lair:2)
  Edmund (D:6)
  Menkaure (D:5)
  17 water moccasins
  3 ice beasts
  3 orc warriors
  4 sky beasts
  10 black bears
  2 ogres
  59 wolves
  4 boggarts (Lair:5)
  5 centaurs
  A phantom (D:4)
  3 kobold brigands
  2 gnoll sergeants
  11 bullfrogs
  7 elf zombies (Ossuary)
  12 wights
  18 killer bees
  3 vampire bats (D:7)
  3 howler monkeys (D:8)
  3 centaur zombies (Ossuary)
  5 jellies
  3 hounds
  2 human zombies (Ossuary)
  9 orc priests
  A gnoll bouda (D:6)
  A sleepcap (D:4)
  6 hell rats (Lair:2)
  8 orc wizards
  3 mummies (Ossuary)
  9 adders
  11 gnolls
  A shadow imp (D:7)
  2 white imps (D:6)
  5 ufetubi
  3 worms
  2 dart slugs (D:1)
  39 orcs
  12 ball pythons
  2 bat skeletons (D:7)
  3 bat zombies (D:7)
  9 endoplasms
  9 giant cockroaches
  8 goblins
  7 hobgoblins
  4 jackals (D:3)
  2 quokkas
  9 bats
  6 frilled lizards
  18 kobolds
  5 rats
605 creatures vanquished.

Vanquished Creatures (others)
  Kirke (D:12)
  A hydra (Lair:4)
  A manticore (D:12)
  A rime drake (Lair:5)
  A slime creature (D:12)
  A hog (shapeshifter) (D:13)
  A bullfrog (Lair:3)
  A wight (D:8)
8 creatures vanquished.

Grand Total: 613 creatures vanquished

Notes
Turn   | Place    | Note
-------+----------+-------------------------------------------
     0 | D:1      | strifetoe the Ghoul Gladiator began the quest for the Orb.
     0 | D:1      | Reached XP level 1. HP: 17/17 MP: 0/0
    57 | D:1      | Reached XP level 2. HP: 17/24 MP: 1/1
   207 | D:1      | Reached XP level 3. HP: 29/29 MP: 2/2
   323 | D:1      | Found Nageisch's Assorted Antiques.
   352 | D:1      | Found Ybroq's Magic Scroll Boutique.
   361 | D:1      | Found Gymag's Armour Boutique.
   565 | D:1      | Reached skill level 5 in Unarmed Combat
   930 | D:2      | Found a burning altar of Makhleb.
   939 | D:2      | Reached XP level 4. HP: 30/36 MP: 3/3
  1280 | D:2      | Found a faded altar of an unknown god.
  1297 | D:2      | Found the +7 Kryia's mail coat {PotionHeal*2 rC+}
  1751 | D:3      | Reached XP level 5. HP: 41/41 MP: 4/4
  2018 | D:3      | Got Kyhasytt's Reference Book on Beguiling
  2027 | D:3      | Upgraded the game from 0.31-a0-18-gea43df2a32 to
                  | 0.31-a0-750-gfe7b580527
  2027 | D:3      | Upgraded the game from 0.31-a0-750-gfe7b580527 to
                  | 0.31-a0-836-g3ceb0a68c4
  2397 | D:4      | Reached XP level 6. HP: 45/48 MP: 5/5
  2437 | D:4      | Found a sand-covered staircase.
  2446 | Ossuary  | Entered an ossuary
  2502 | Ossuary  | Reached skill level 1 in Armour
  2539 | Ossuary  | Reached XP level 7. HP: 9/57 MP: 6/6
  2908 | Ossuary  | Reached skill level 5 in Fighting
  2912 | Ossuary  | Reached XP level 8. HP: 35/68 MP: 7/7
  3365 | D:4      | Found an opulent altar of Gozag.
  3837 | D:5      | Entered Level 5 of the Dungeon
  4010 | D:5      | Reached skill level 5 in Armour
  4099 | D:5      | Found an ornate altar of the Wu Jian Council.
  4132 | D:5      | Found Jybbair's Assorted Antiques.
  4137 | D:5      | Bought a scroll labelled ETSACI ATHY for 27 gold pieces
  4137 | D:5      | Bought a brown potion for 24 gold pieces
  4545 | D:5      | Lost intelligence.
  5103 | D:6      | Noticed Menkaure
  5120 | D:6      | Reached XP level 9. HP: 75/79 MP: 8/8
  5213 | D:5      | Killed Menkaure
  5398 | D:6      | Found a stormy altar of Qazlal.
  5399 | D:6      | Noticed Edmund
  5424 | D:6      | Reached skill level 10 in Unarmed Combat
  5435 | D:6      | Killed Edmund
  5583 | D:6      | Found a sacrificial altar of Ru.
  5939 | D:6      | Became a worshipper of Ru the Awakened
  5989 | D:7      | Noticed Prince Ribbit
  5992 | D:7      | Noticed a hornet
  6002 | D:7      | Killed a hornet
  6014 | D:7      | Killed Prince Ribbit
  6177 | D:7      | You fall into a shaft and drop 2 floors!
  6184 | D:9      | Noticed a hornet
  6195 | D:9      | Killed a hornet
  6196 | D:9      | Reached XP level 10. HP: 85/86 MP: 9/9
  6491 | D:7      | Found a shimmering blue altar of Sif Muna.
  6501 | D:7      | Found a staircase to the Ecumenical Temple.
  6892 | D:7      | Found an ancient bone altar of Kikubaaqudgha.
  6901 | D:7      | Reached skill level 5 in Stealth
  6907 | D:7      | Gained mutation: You cannot study or cast Air magic. [Ru
                  | sacrifice]
  6907 | D:7      | Gained mutation: You cannot study or cast Hexes magic. [Ru
                  | sacrifice]
  6907 | D:7      | Gained mutation: You cannot study or cast Conjurations
                  | magic. [Ru sacrifice]
  6907 | D:7      | Reached * piety under Ru
  7113 | D:7      | Found a snail-covered altar of Cheibriados.
  7383 | D:8      | Reached skill level 5 in Dodging
  7403 | D:8      | Found a transporter.
  7404 | D:8      | Found a basalt altar of Yredelemnul.
  7404 | D:8      | Noticed a cyclops
  7405 | D:8      | Identified the +8 long sword of Hacking and Slashing
                  | {protect, Int+2}
  7410 | D:8      | Noticed GreenGuy14's ghost (novice MiFi)
  7555 | D:8      | Found a transporter.
  7632 | D:8      | Found a staircase to the Lair.
  7886 | D:9      | Found a transporter.
  7899 | D:9      | Found a transporter.
  7965 | D:9      | Found a transporter.
  7976 | D:9      | Found a transporter.
  8350 | D:9      | Found a shadowy altar of Dithmenos.
  8398 | D:9      | Found an iron altar of Okawaru.
  8447 | D:9      | Found a shimmering altar of Xom.
  8562 | D:10     | Entered Level 10 of the Dungeon
  8611 | D:10     | Noticed a 12-headed hydra
  8612 | D:10     | Found a runed translucent gate.
  8634 | D:10     | Found a broken altar of Ashenzari.
  8705 | D:10     | Reached XP level 11. HP: 94/94 MP: 10/10
  8749 | D:10     | Found a runed translucent gate.
  8750 | D:10     | Found a runed translucent gate.
  8750 | D:10     | Noticed Kurtz's ghost (journeyman OpFi)
  8750 | D:10     | Noticed a nine-headed hydra
  8858 | D:10     | Noticed an angel
  8890 | D:10     | Found a radiant altar of Vehumet.
  8973 | D:10     | Gained mutation: You are hated by all. [Ru sacrifice]
  8973 | D:10     | Reached ** piety under Ru
  8990 | D:10     | Noticed a two-headed ogre
  8997 | D:10     | Killed a two-headed ogre
  8998 | D:10     | Reached skill level 1 in Maces & Flails
  9229 | D:10     | Reached skill level 2 in Maces & Flails
  9430 | D:11     | Noticed Josephine
  9453 | D:11     | Killed Josephine
  9574 | D:11     | Noticed Maurice
  9601 | D:11     | Killed Maurice
  9602 | D:11     | Reached skill level 3 in Maces & Flails
  9701 | D:11     | Noticed a cyclops
  9719 | D:11     | Killed a cyclops
 10314 | D:12     | Noticed a cyclops
 10326 | D:12     | Killed a cyclops
 10327 | D:12     | Reached skill level 4 in Maces & Flails
 10514 | D:12     | Noticed a cyclops
 10517 | D:12     | Noticed a faun
 10518 | D:12     | Noticed a five-headed hydra
 10518 | D:12     | Noticed a deep elf pyromancer
 10518 | D:12     | Noticed a four-headed hydra
 10518 | D:12     | a faun changed into a merfolk
 10518 | D:12     | Noticed a manticore
 10518 | D:12     | Noticed a boulder beetle
 10519 | D:12     | Noticed a red ugly thing
 10520 | D:12     | a merfolk changed into a steelbarb worm
 10520 | D:12     | Noticed a steelbarb worm (glowing shapeshifter)
 10724 | Lair:1   | Entered Level 1 of the Lair of Beasts
 10835 | Lair:1   | Noticed a catoblepas
 10852 | Lair:1   | Killed a catoblepas
 10989 | Lair:1   | Reached skill level 5 in Maces & Flails
 10998 | Lair:1   | Reached skill level 10 in Fighting
 11012 | Lair:1   | Reached XP level 12. HP: 106/106 MP: 11/11
 11085 | Lair:1   | Gained mutation: You are somewhat unskilled. (-1 Apt) [Ru
                  | sacrifice]
 11085 | Lair:1   | Reached *** piety under Ru
 11085 | Lair:1   | Reached **** piety under Ru
 11568 | Lair:2   | Reached skill level 10 in Fighting
 11756 | Lair:2   | Reached skill level 6 in Maces & Flails
 12244 | Lair:2   | Found a hole to the Spider Nest.
 12279 | Lair:2   | Identified the +9 dagger of Eternal Vigilance {freeze,
                  | rCorr MP+9 Int+2 Dex-4 Stlth+}
 12476 | Lair:2   | Reached skill level 5 in Stealth
 12476 | Lair:2   | Reached skill level 1 in Shields
 12511 | Lair:2   | Reached skill level 7 in Maces & Flails
 13125 | Lair:3   | Noticed a seven-headed hydra
 13141 | Lair:3   | Killed a seven-headed hydra
 13451 | Lair:3   | Found a staircase to the Shoals.
 13590 | Lair:3   | Identified the +0 robe "Unywn" {rN+ Str+8}
 13647 | Lair:3   | Reached skill level 8 in Maces & Flails
 13647 | Lair:3   | Reached XP level 13. HP: 113/113 MP: 12/12
 14316 | Lair:3   | Reached skill level 5 in Shields
 14943 | Lair:4   | Gained mutation: You cannot be stealthy. [Ru sacrifice]
 14943 | Lair:4   | Reached ***** piety under Ru
 15055 | Lair:4   | Identified the +0 robe of the Kodama {*Slow Will++ Str+4}
 15188 | Lair:4   | Reached skill level 9 in Maces & Flails
 15985 | Lair:4   | Reached skill level 1 in Evocations
 16498 | Lair:5   | Entered Level 5 of the Lair of Beasts
 16594 | Lair:5   | Reached skill level 10 in Maces & Flails
 16826 | Lair:5   | Found a staircase to the Slime Pits.
 16885 | Lair:5   | Reached XP level 14. HP: 116/121 MP: 13/13
 16935 | Lair:5   | Found a runed translucent door.
 16935 | Lair:5   | Noticed Peiku's ghost (journeyman MiBe)
 17745 | Lair:5   | Reached skill level 11 in Maces & Flails
 17754 | Lair:5   | Reached skill level 5 in Evocations
 18253 | Lair:5   | Killed Peiku's ghost
 19499 | D:12     | Noticed Kirke
 19552 | D:12     | Killed Kirke
 19640 | D:12     | Found a staircase to the Orcish Mines.
 19821 | D:12     | Noticed a formless jellyfish
 19821 | D:12     | a formless jellyfish changed into an emperor scorpion
 19821 | D:12     | Noticed an emperor scorpion (glowing shapeshifter)
 19838 | D:11     | an emperor scorpion changed into a storm dragon
 19838 | D:11     | Noticed a storm dragon (glowing shapeshifter)
 19841 | D:11     | a storm dragon changed into a six-headed hydra
 19857 | D:11     | Reached skill level 12 in Maces & Flails
 20384 | D:13     | Found a frozen archway.
 20399 | IceCv    | Entered an ice cave
 20986 | IceCv    | Reached XP level 15. HP: 91/128 MP: 14/14
 21009 | IceCv    | Reached skill level 13 in Maces & Flails
 22925 | D:13     | Upgraded the game from 0.31-a0-836-g3ceb0a68c4 to
                  | 0.31-a0-845-g9abc20d24f
 23001 | D:15     | Entered Level 15 of the Dungeon
 23157 | D:14     | Gained mutation: You cannot study or use magical devices.
                  | [Ru sacrifice]
 23157 | D:14     | Reached ****** piety under Ru
 23167 | D:14     | Found a gate to the Vaults.
 23510 | Spider:1 | Entered Level 1 of the Spider Nest
 23599 | Spider:1 | Noticed Azrael
 23622 | Spider:1 | Killed from afar by Azrael

Illustrated notes

Levels and vault maps discovered:
D:1:      psy_arrival_radial01, layout_basic, serial_shops, nicolae_shop_stone,
          shop, nicolae_shop_tiny_statue_garden, minmay_worlds_worst_comb
D:2:      layout_loops_ring, shapermc_ecumenical_altar_starsandcircs,
          basic_altar, corexii_leaking_fountain
D:3:      layout_basic
D:4:      layout_cave_pools, mainiacjoe_overflow_catwalk,
          nicolae_ossuary_entry_monument
D:5:      layout_cave_pools, grunt_temple_overflow_open, serial_shops,
          nicolae_shop_rolling_square
D:6:      layout_rooms, nicolae_qazlal_beasts_of_the_sky,
          nicolae_ru_awakened_eye, serial_demonic, serial_demonic_b,
          serial_demonic_e, serial_demonic_e, serial_demonic_f, uniq_edmund,
          uniq_menkaure
D:7:      layout_loops_ring, kennysheep_vampire_church,
          mainiacjoe_overflow_brackets, cheibrodos_worm_habitat,
          minmay_temple_entry_grid, uniq_prince_ribbit1
D:8:      layout_rooms, mainiacjoe_overflow_concentric_impassable,
          hellmonk_lair_entry_icy, gammafunk_ghost_arena
D:9:      layout_cave_pools, marbit_many_paths, lemuel_coloured_pillars_altar,
          old_standard_altar, minmay_misc_feat_iff, minmay_misc_feat_chi,
          nicolae_diode_intersection
D:10:     layout_roguey, mainiacjoe_overflow_alcove_1,
          ashenzari_conservatory_becter, zin_angel, gammafunk_ghost_hydra_chop
D:11:     layout_long_grid, statue_in_the_mist_lemuel, uniq_josephine,
          uniq_maurice
D:12:     hourglass_vault, layout_gridville, orc_0_dummy, uniq_kirke
D:13:     layout_basic, portal_ice_cave_rime
D:14:     layout_gridville, lightli_vaults_fourway_checkpoint,
          gammafunk_ghost_wrathful_warriors, serial_park_tiny_pond
D:15:     hangedman_depths_entry_try_elsewhere_first, layout_loops_ring,
          roderic_lattice_a, doesnt_xom_only_xom, uniq_nessos
Lair:1:   layout_cave_shapes, beast_lair_carwin_6, serial_bayou_shore_b
Lair:2:   layout_cave_pods, spider_nest_entry_a
Lair:3:   layout_loops_ring, elwin_shoals_entry_rocks,
          nicolae_lair_run_with_the_wolves
Lair:4:   nzn_winding_woodlands_three_and_one
          [nzn_winding_woodlands_5x15_longhouse,
          nzn_winding_woodlands_5x15_split_checker,
          nzn_winding_woodlands_5x15_crooked,
          nzn_winding_woodlands_center_pierced_h], layout_gridlike
Lair:5:   minmay_lair_end_enchanted_forest, layout_gridlike,
          nicolae_slime_entry_slimehenge, hellmonk_ghost_happy_afterlife,
          minmay_lair_drake_nest
Spider:1: nicolae_spider_hilbert_zone_4 [nicolae_spider_hilbert_4_sides_2_open,
          nicolae_spider_hilbert_4_sides_1_open,
          nicolae_spider_hilbert_4_sides_1_open,
          nicolae_spider_hilbert_4_sides_1_open,
          nicolae_spider_hilbert_4_sides_1_open,
          nicolae_spider_hilbert_2_sides_1_open,
          nicolae_spider_hilbert_2_sides_1_open,
          nicolae_spider_hilbert_2_sides_1_open,
          nicolae_spider_hilbert_2_sides_1_open,
          nicolae_spider_hilbert_6_sides_1_open,
          nicolae_spider_hilbert_6_sides_1_open,
          nicolae_spider_hilbert_3_sides_1_open,
          nicolae_spider_hilbert_3_sides_1_open],
          nicolae_spider_baby_got_redback, uniq_azrael

Skill      XL: |  1  2  3  4  5  6  7  8  9 10 11 12 13 14 15 |
---------------+----------------------------------------------+-----
Unarmed Combat | 4 5 6 7 8 12 11 | 11.3
Armour         | 2 3 5 6 7 6 |  6.3
Fighting       | 3 5 7 8 10 10 | 10.4
Dodging        | 3 6 7 6 7 |  7.0
Stealth        | 2 5 5 0 |  0.0
Maces & Flails | 5 8 10 12 13 | 13.9
Shields        | 4 6 |  6.8
Evocations     | 3 5 0 |  0.0
Throwing       | |  1.5

Action                     |  1- 3 |  4- 6 |  7- 9 | 10-12 | 13-15 || total
---------------------------+-------+-------+-------+-------+-------++-------
  Melee: Unarmed           |   109 |   205 |   370 |   738 |   916 ||  2338
         Morningstar       |       |       |       |    11 |   676 ||   687
 Invoke: Sacrifice Arcana  |       |       |       |     1 |       ||     1
         Sacrifice Love    |       |       |       |     1 |       ||     1
         Sacrifice Skill   |       |       |       |     1 |       ||     1
         Sacrifice Stealth |       |       |       |       |     1 ||     1
         Power Leap        |       |       |       |       |     2 ||     2
         Reject Sacrifices |       |       |       |       |     1 ||     1
         Sacrifice Artific |       |       |       |       |     1 ||     1
  Evoke: Wand              |       |       |       |     6 |     3 ||     9
    Use: Scroll            |       |       |    14 |     5 |     7 ||    26
         Potion            |       |       |     8 |     4 |     5 ||    17
   Stab: Sleeping          |       |       |       |     3 |     1 ||     4
         Distracted        |       |       |       |     5 |     6 ||    11
         Invisible         |       |       |       |     1 |     5 ||     6
         Paralysed         |       |       |       |       |     5 ||     5
 Armour: Leather armour    |    18 |    60 |    64 |       |       ||   142
         Scale mail        |       |       |   167 |   446 |   952 ||  1565
  Dodge: Dodged            |    40 |    77 |   144 |   330 |   656 ||  1247
  Block: Buckler           |    31 |    91 |   197 |   460 |  1005 ||  1784
         Reflection        |       |     1 |     7 |    11 |    14 ||    33

Table legend: (Time is in decaauts)
 A = Elapsed time spent in this place.
 B = Non-inter-level travel time spent in this place.
 C = Inter-level travel time spent in this place.
 D = Time resting spent in this place.
 E = Time spent auto-exploring this place.
 F = Levels seen in this place.
 G = Mean time per level.
                   A        B        C        D        E       F      G
               +--------+--------+--------+--------+--------+-----+--------+
         Total |  23595 |  22503 |   1092 |   5395 |  10562 |  23 | 1025.9 |
       Dungeon |  13702 |  12903 |    799 |   2686 |   6543 |  15 |  913.5 |
          Lair |   7788 |   7496 |    292 |   1837 |   3549 |   5 | 1557.6 |
   Spider Nest |    106 |    106 |      0 |      0 |     56 |   1 |  106.0 |
       Ossuary |    792 |    792 |      0 |    527 |     33 |   1 |  792.0 |
      Ice Cave |   1205 |   1205 |      0 |    345 |    379 |   1 | 1205.0 |
               +--------+--------+--------+--------+--------+-----+--------+

Top non-repeatable levels by time:
  Lair:5: 1924 daAuts
  Lair:3: 1749 daAuts
    D:12: 1734 daAuts
  Lair:4: 1640 daAuts
  Lair:2: 1635 daAuts
    D:13: 1578 daAuts
     D:5: 1445 daAuts
     D:7: 1228 daAuts
   IceCv: 1205 daAuts
    D:11: 1107 daAuts
     D:9: 949 daAuts
     D:1: 911 daAuts
  Lair:1: 838 daAuts
     D:2: 820 daAuts
    D:10: 813 daAuts
